 Dungeon Crawl Stone Soup version 0.18-a0-1027-g814d7dd (webtiles) character file.

72 st0uf the Gusty (level 4, 0/33 HPs)
             Began as a Draconian Air Elementalist on Jan 9, 2016.
             Slain by Crazy Yiuf
             ... wielding a +3 quarterstaff of chaos
              (1 damage)
             ... on level 2 of the Dungeon.
             The game lasted 00:14:13 (2523 turns).

st0uf the Gusty (Draconian Air Elementalist)        Turns: 2523, Time: 00:14:13

Health: 0/33       AC:  5    Str: 10    XL:     4   Next: 7%
Magic:  0/8        EV: 12    Int: 17    God:
Gold:   84         SH:  0    Dex: 11    Spells: 1 memorised, 7 levels left

rFire  . . .     SeeInvis .     (no weapon)
rCold  . . .     Gourm    .     (armour unavailable)
rNeg   . . .     Faith    .     (no shield)
rPois  .         Spirit   .     (helmet restricted)
rElec  .         Dismiss  .     (no cloak)
rCorr  .         Reflect  .     (no gloves)
SustAt .         Harm     .     (no boots)
MR     .....                    (no amulet)
Stlth  ++........               (no ring)
                                (no ring)

@: very slightly contaminated, drained, not resistant to hostile enchantments,
unstealthy
A: unfitting armour, cold-blooded, AC +5
a: no special abilities


You were on level 2 of the Dungeon.
You were hungry.

You visited 1 branch of the dungeon, and saw 2 of its levels.

You collected 84 gold pieces.

Inventory:

Jewellery
 g - an uncursed amulet of regeneration
 n - a cursed amulet of inaccuracy {unknown}
 o - a +4 ring of strength {unknown}
Scrolls
 d - a scroll of magic mapping {unknown}
 e - a scroll of blinking {unknown}
 h - a scroll of remove curse {unknown}
 j - 5 scrolls of identify {unknown}
 k - a scroll of fog {unknown}
 l - 2 scrolls of recharging {unknown}
Potions
 i - 3 potions of agility
 m - 2 potions of might {unknown}
 p - a potion of haste {unknown}
Books
 a - a book of Air

   Spells                             Type                      Level
   a - Shock                          Conjuration/Air              1
   b - Swiftness                      Charms/Air                   2
   c - Repel Missiles                 Charms/Air                   2
   d - Static Discharge               Conjuration/Air              3
   e - Lightning Bolt                 Conjuration/Air              5
Comestibles
 b - 3 bread rations
 c - a slice of pizza
 f - a beef jerky
 q - 2 chunks of flesh


   Skills:
 + Level 2.0(1.8) Dodging
 + Level 1.7(1.5) Stealth
 + Level 2.7(2.5) Spellcasting
 + Level 1.8(1.5) Conjurations
 + Level 4.0(3.7) Air Magic


You had 7 spell levels left.
You knew the following spells:

 Your Spells              Type           Power        Failure   Level  Hunger
a - Shock                 Conj/Air       ##..         10%         1    #......


Dungeon Overview and Level Annotations

Branches:
Dungeon (2/15)

Altars:
Cheibriados
Nemelex Xobeh
The Shining One

Annotations:
D:2 Crazy Yiuf


Innate Abilities, Weirdness & Mutations

Your plain brown scales are hard (AC +5).
Your body does not fit into most forms of armour.
You are cold-blooded and may be slowed by cold attacks.


Message History

The zap hits Crazy Yiuf.
Crazy Yiuf is heavily wounded.
The zap hits the fungus.
The fungus is moderately damaged.
Crazy Yiuf cries, "Nubble hog stair!"
Crazy Yiuf misses you.
Casting: Shock
Confirm with . or Enter, or press ? or * to list all spells.
Aiming: Shock
Press: ? - help, Shift-Dir - straight line, f/p - Crazy Yiuf
Aim: Crazy Yiuf, wielding a quarterstaff of chaos and wearing a cloak (heavily wounded)
The zap hits Crazy Yiuf.
Crazy Yiuf is severely wounded.
The zap hits the fungus.
The fungus is moderately damaged.
Crazy Yiuf says, "Two!"
Crazy Yiuf hits you with a quarterstaff of chaos!
* * * LOW HITPOINT WARNING * * *
Crazy Yiuf freezes you.
You die...

.)#...##...# ♣.♣
..#...##...# ♣.♣♣
#.....#....# ♣♣.♣
##.........# ♣.♣♣
#.........# ♣♣♣..♣
##..#..)..# ♣PP.P♣
#.>...#### #....#
#####.#.#####.g..######
#.#.......@.#....<#
#.............#####
##............#
#...........##
#.(.........#
#..)........#
#...........#
#############


You could see Crazy Yiuf.

Vanquished Creatures
  Terence (D:2)
  2 worms
  A giant gecko (D:1)
  4 bats
  2 giant cockroaches (D:2)
  8 hobgoblins
  A quokka (D:2)
  A ball python (D:1)
  2 giant newts (D:1)
  6 goblins
  8 kobolds
  6 rats (D:1)
  2 fungi (D:2)
44 creatures vanquished.

Notes
Turn   | Place    | Note
--------------------------------------------------------------
     0 | D:1      | st0uf the Draconian Air Elementalist began the quest for the Orb.
     0 | D:1      | Reached XP level 1. HP: 14/14 MP: 3/3
   373 | D:1      | Reached XP level 2. HP: 20/20 MP: 1/5
  1280 | D:1      | Reached XP level 3. HP: 26/26 MP: 0/6
  1650 | D:2      | Noticed Terence
  1894 | D:2      | Found a snail-covered altar of Cheibriados.
  1954 | D:2      | Killed Terence
  2177 | D:2      | Found a sparkling altar of Nemelex Xobeh.
  2192 | D:2      | Reached XP level 4. HP: 33/33 MP: 3/8
  2244 | D:2      | Found a glowing golden altar of the Shining One.
  2249 | D:2      | Reached skill level 4 in Air Magic
  2507 | D:2      | Noticed Crazy Yiuf
  2523 | D:2      | HP: 1/33 [Crazy Yiuf/quarterstaff of chaos (11)]
  2523 | D:2      | Slain by Crazy Yiuf

Vault maps used:
D:1:      minmay_arrival_nine_rooms, hangedman_decor_opposing
D:2:      tso_altar, lemuel_crystal_altar, nemelex_spade_bored_becter,
          uniq_crazy_yiuf_cottage, uniq_terence

Action                   |  1- 3 |  4- 6 || total
-------------------------+-------+-------++-------
Melee: Unarmed           |       |     1 ||     1
 Cast: Shock             |   107 |    28 ||   135
  Eat: Chunk             |     5 |     1 ||     6
